cohdb
Replays
Latest Replays
All Replays
Popular Replays
Top Player Replays
Match Explorer
How It Works
Community
CoH3 Stats
Reddit
Sign in to upload your games and track your stats! →
Sign in with Steam
Match 40620957
Unlisted
Match 40620957
Overview
Messages
Build Orders
End
Selects Panzerjäger Kommand Battlegroup
Panzergrenadier Squad
Kradschützen Motorcycle Team
Panzergrenadier Squad
Panzergrenadier Squad
250 Light Carrier
Construct Light Support Kompanie
Selects GrB 39 Grenade Launcher Requisition
Fire Support Elements
Selects Mine Fields
2.5-tonne Medical Truck
Veteran Squad Leaders
Pak 38 Mechanized Group
Flakvierling Half-track
Selects Early Warning
Construct Panzerarmee Kommand
Selects Butterfly Bomb Drop
Butterfly Bomb Drop
Vehicle Survival Package
Tungsten Core Ammunition
Pak 38 Mechanized Group
Butterfly Bomb Drop
Selects Crew Shock Tactics
Panzer III L Medium Tank
Armored Reserves
Selects Anti-tank Overwatch
Panzer IV Assault Group
Butterfly Bomb Drop
Emergency Repair Kits
UH|dun! ツ
173687052
leaf
Rebrovich
IndomitableSpirit
ILeftTheStoveOn
0
0
Comments
sign in to comment!
No comments posted yet!